 Dungeon Crawl Stone Soup version 0.20.0-7-g3b7b877 (webtiles) character file.

6095 Darkell the Archer (level 10, 0/74 HPs)
             Began as a Demonspawn Arcane Marksman on May 29, 2017.
             Slain by a yak (6 damage)
             ... on level 7 of the Dungeon.
             The game lasted 00:40:44 (10129 turns).

Darkell the Archer (Demonspawn Arcane Marksman)    Turns: 10129, Time: 00:40:44

Health: 0/74       AC:  8    Str: 19      XL:     10   Next: 58%
Magic:  0/17       EV: 13    Int: 22      God:
Gold:   473        SH:  0    Dex: 12 (14) Spells: 13/19 levels left

rFire    . . .     SeeInvis .   K - +1 scimitar (freeze)
rCold    . . .     Gourm    .   (no shield)
rNeg     . . .     Faith    .   e - +0 robe
rPois    .         Spirit   +   (no helmet)
rElec    .         Reflect  .   Q - +0 cloak
rCorr    .         Harm     .   (no gloves)
MR       .....                  (no boots)
Stlth    +.........             P - amulet of Jobekhle {Spirit Str+6 Int+3}
Regen    0.3/turn               O - +2 ring of protection
MPRegen  0.2/turn               y - +4 ring of intelligence

@: confused
A: claws 2, icy blue scales 2, demonic guardian 1, spiny 1
a: no special abilities


You were on level 7 of the Dungeon.
You were not hungry.

You visited 1 branch of the dungeon, and saw 9 of its levels.

You collected 473 gold pieces.

Inventory:

Hand Weapons
 a - a +0 shortbow
 m - a +0 short sword
 K - a +1 scimitar of freezing (weapon)
Missiles
 d - 45 arrows
 j - 16 poisoned needles
Armour
 e - a +0 robe (worn)
 Q - a +0 cloak (worn)
Jewellery
 y - a +4 ring of intelligence (right claw)
 O - a +2 ring of protection (left claw)
 P - the amulet of Jobekhle (around neck) {Spirit Str+6 Int+3}
   (You found it on level 6 of the Dungeon)

   [amulet of guardian spirit]

   It causes incoming damage to be split between your health and magic.
   It affects your strength (+6).
   It affects your intelligence (+3).
 S - an uncursed ring of positive energy
Wands
 p - a wand of random effects (30/48)
 s - a wand of digging (11/24)
 x - a wand of flame (35/48)
 B - a wand of disintegration (6/24)
 R - a wand of random effects (40/48)
Scrolls
 g - 3 scrolls of immolation {unknown}
 l - a scroll of recharging {unknown}
 n - 2 scrolls of fear {unknown}
 q - 2 scrolls of magic mapping {unknown}
 C - 2 scrolls of silence {unknown}
 E - a scroll of amnesia {unknown}
 G - a scroll of enchant weapon {unknown}
 I - a scroll of blinking {unknown}
 J - a scroll of noise {unknown}
 L - 4 scrolls of remove curse {unknown}
Potions
 b - a potion of lignification
 h - a potion of heal wounds {unknown}
 i - a potion of agility
 k - 2 potions of ambrosia
 o - a potion of brilliance {unknown}
 t - a potion of mutation {unknown}
 v - a potion of flight {unknown}
 w - 2 potions of curing {unknown}
 A - 2 potions of degeneration
 D - a potion of berserk rage
 F - a potion of invisibility {unknown}
 H - a potion of might
 M - 2 potions of resistance {unknown}
 N - a potion of haste {unknown}
Books
 c - a book of Debilitation

   Spells                             Type                      Level
   a - Corona                         Hexes                        1
   b - Slow                           Hexes                        2
   c - Inner Flame                    Hexes/Fire                   3
   d - Portal Projectile              Hexes/Translocation          3
   e - Cause Fear                     Hexes                        4
   f - Leda's Liquefaction            Hexes/Earth                  4
 z - a book of Air

   Spells                             Type                      Level
   a - Shock                          Conjuration/Air              1
   b - Swiftness                      Charms/Air                   2
   c - Static Discharge               Conjuration/Air              3
   d - Airstrike                      Air                          4
   e - Lightning Bolt                 Conjuration/Air              5
Comestibles
 f - 4 bread rations
 r - a meat ration
 u - 3 royal jellies


   Skills:
 + Level 5.4 Fighting
 + Level 1.0(1.1) Short Blades
 + Level 0.5(0.9) Long Blades
 + Level 9.7 Bows
 + Level 3.3 Dodging
 + Level 1.6 Stealth
 * Level 5.2 Spellcasting
 * Level 6.5 Hexes
 * Level 5.4 Translocations


You had 13 spell levels left.
You knew the following spells:

 Your Spells              Type           Power        Failure   Level  Hunger
a - Corona                Hex            ####...      1%          1    None
b - Slow                  Hex            ####....     1%          2    None
c - Portal Projectile     Hex/Tloc       ####..       2%          3    ##.....


Dungeon Overview and Level Annotations

Branches:
Dungeon (9/15)               Lair (0/6) D:9             Orc (0/2) D:9
 Temple: D:4-7

Altars:
Ashenzari

Shops:
D:8 }


Innate Abilities, Weirdness & Mutations

You have very sharp fingernails.
You are mostly covered in icy blue scales. (AC +3)
A weak demonic guardian rushes to your aid.
You are partially covered in sharp spines.


Message History

The yak gores you.
You slash the yak! You freeze the yak.
The yak is severely wounded.
The yak gores you!
You barely miss the yak.
The yak is severely wounded.
The yak is struck by your spines. The yak gores you!
* * * LOW HITPOINT WARNING * * *
You hit the yak. You freeze the yak.
The yak is almost dead.
The yak gores you.
* * * LOW HITPOINT WARNING * * *
You closely miss the yak.
The yak is almost dead.
The yak gores you!
* * * LOW HITPOINT WARNING * * *
It was a potion of ambrosia.
You are confused.
You feel invigorated. The yak gores you!
You die...

.# #....# ###### # <# #....# #
.# #....# # ##
######################
#.................
#############.#####...########
#...........#.##......'.......
#...........#.###.....########
#...........#@# #...>.#
#..(.....Y..#Y# #....##
+...........(.# ######
#...........### #....?......#
#############


You could see a yak.

Vanquished Creatures
  2 two-headed ogres
  A cyclops (D:9)
  Maurice (D:9)
  Sigmund (D:3)
  4 yaks
  A water moccasin (D:6)
  3 porcupines
  2 orc warriors (D:9)
  A phantom (D:7)
  A sky beast (D:8)
  2 ogres
  2 crocodiles (D:9)
  2 centaurs
  5 bullfrogs
  7 wights
  3 killer bees (D:8)
  5 electric eels (D:8)
  2 bullfrog zombies (D:5)
  A centaur zombie (D:8)
  3 crimson imps
  4 hounds
  3 jellies
  A bullfrog skeleton (D:9)
  4 orc priests
  A centaur skeleton (D:6)
  Natasha (twice) (D:2)
  3 iguanas
  3 orc wizards
  3 worker ants
  A killer bee zombie (D:5)
  A hound skeleton (D:6)
  2 worker ant zombies
  4 gnolls
  2 adders
  2 shadow imps
  3 worms
  A dart slug (D:1)
  3 leopard geckos (D:2)
  24 orcs
  4 bats
  2 giant cockroaches (D:5)
  3 goblins
  8 hobgoblins
  10 jackals
  7 quokkas
  2 ball pythons
  2 frilled lizards
  A giant cockroach zombie (D:5)
  5 kobolds
  A quokka skeleton (D:8)
  4 rats
165 creatures vanquished.

Vanquished Creatures (collateral kills)
  Grinder (D:3)
  2 yaks (D:9)
  A basilisk (D:9)
  A water moccasin (D:5)
  An orc warrior (D:6)
  An ogre (D:6)
  An orc wizard (D:4)
  Jessica (D:3)
  Natasha (D:2)
  Terence (D:3)
  A leopard gecko (D:2)
  3 orcs
  A giant cockroach (D:2)
  A jackal (D:3)
  A bat (D:2)
  A frilled lizard (D:5)
19 creatures vanquished.

Vanquished Creatures (others)
  A bush (D:9)
  6 fungi (D:9)
  13 plants (D:9)
20 creatures vanquished.

Grand Total: 204 creatures vanquished

Notes
Turn   | Place    | Note
-------+----------+-------------------------------------------
     0 | D:1      | Darkell the Demonspawn Arcane Marksman began the quest for the Orb.
     0 | D:1      | Reached XP level 1. HP: 15/15 MP: 2/2
   264 | D:1      | Gained mutation: A weak demonic guardian rushes to your aid. [demonic ancestry]
   264 | D:1      | Reached XP level 2. HP: 21/21 MP: 3/3
   655 | D:2      | Noticed Natasha
   660 | D:2      | Killed Natasha
   660 | D:2      | Reached skill level 2 in Bows
   660 | D:2      | Reached XP level 3. HP: 23/26 MP: 4/4
   705 | D:2      | Learned a level 2 spell: Slow
   719 | D:2      | Noticed Natasha
   722 | D:2      | Killed Natasha
   742 | D:2      | Gained mutation: You are partially covered in icy blue scales. (AC +2) [demonic ancestry]
   742 | D:2      | Reached XP level 4. HP: 20/32 MP: 5/5
   973 | D:2      | Noticed Natasha
   981 | D:2      | Killed Natasha
   981 | D:2      | Reached skill level 3 in Bows
  1197 | D:2      | Found a shattered altar of Ashenzari.
  1504 | D:3      | Noticed Terence
  1514 | D:3      | Killed Terence
  1605 | D:3      | Gained mutation: You are mostly covered in icy blue scales. (AC +3) [demonic ancestry]
  1605 | D:3      | Reached XP level 5. HP: 38/38 MP: 6/6
  1664 | D:3      | Noticed Jessica
  1677 | D:3      | Killed Jessica
  1677 | D:3      | Reached skill level 4 in Bows
  1731 | D:3      | Learned a level 3 spell: Portal Projectile
  1887 | D:3      | Noticed Grinder
  1894 | D:3      | Paralysed by Grinder for 4 turns
  1896 | D:3      | Killed Grinder
  1896 | D:3      | Reached skill level 1 in Translocations
  1896 | D:3      | Gained mutation: You have sharp fingernails. [demonic ancestry]
  1896 | D:3      | Reached XP level 6. HP: 44/44 MP: 1/7
  2006 | D:3      | Noticed Sigmund
  2029 | D:3      | Killed Sigmund
  2029 | D:3      | Reached skill level 5 in Bows
  2554 | D:4      | Reached XP level 7. HP: 51/51 MP: 6/8
  2587 | D:5      | Entered Level 5 of the Dungeon
  2901 | D:5      | Reached skill level 1 in Stealth
  2955 | D:6      | Got a wavering sapphire amulet
  3218 | D:6      | Reached skill level 6 in Bows
  3490 | D:5      | Gained mutation: You have very sharp fingernails. [demonic ancestry]
  3490 | D:5      | Reached XP level 8. HP: 8/58 MP: 0/10
  4098 | D:5      | Reached skill level 1 in Short Blades
  4691 | D:6      | Reached skill level 7 in Bows
  6247 | D:8      | Gained mutation: You are partially covered in sharp spines. [demonic ancestry]
  6247 | D:8      | Reached XP level 9. HP: 31/65 MP: 13/13
  6714 | D:8      | Found Qafagy Mopy's Gadget Shoppe.
  6822 | D:8      | Reached skill level 8 in Bows
  7896 | D:9      | Noticed a cyclops
  7936 | D:9      | Killed a cyclops
  7936 | D:9      | Reached skill level 5 in Hexes
  8172 | D:9      | Noticed Maurice
  8269 | D:9      | Found a staircase to the Orcish Mines.
  8329 | D:9      | Noticed a two-headed ogre
  8850 | D:9      | Reached XP level 10. HP: 60/73 MP: 16/16
  8935 | D:9      | Found a staircase to the Lair.
  9061 | D:9      | Killed Maurice
  9061 | D:9      | Reached skill level 9 in Bows
  9129 | D:9      | Identified the amulet of Jobekhle {Spirit Str+6 Int+3} (You found it on level 6 of the Dungeon)
  9387 | D:9      | Reached skill level 5 in Fighting
  9387 | D:9      | Reached skill level 5 in Translocations
  9513 | D:9      | Killed a two-headed ogre
  9513 | D:9      | Reached skill level 5 in Spellcasting
  9760 | D:8      | Noticed a two-headed ogre
  9790 | D:8      | Killed a two-headed ogre
 10128 | D:7      | HP: 2/74 [yak (8)]
 10129 | D:7      | Slain by a yak

Skill      XL: |  1  2  3  4  5  6  7  8  9 10 |
---------------+-------------------------------+-----
Dodging        | 2 3 |  3.3
Bows           | 2 3 4 5 6 7 8 9 |  9.7
Fighting       | 2 3 4 5 |  5.4
Translocations | 1 2 3 4 5 |  5.4
Stealth        | 1 |  1.6
Spellcasting   | 3 4 5 |  5.2
Short Blades   | 1 |  1.0
Hexes          | 4 5 6 |  6.5
Long Blades    | |  0.5

Action                   |  1- 3 |  4- 6 |  7- 9 | 10-12 || total
-------------------------+-------+-------+-------+-------++-------
Melee: Short sword       |       |    16 |     7 |       ||    23
       Scimitar          |       |       |     5 |    11 ||    16
       Shortbow          |       |       |       |     1 ||     1
 Fire: Shortbow          |    53 |   161 |   513 |   158 ||   885
 Cast: Corona            |       |     8 |    25 |     5 ||    38
       Slow              |       |     1 |    14 |    10 ||    25
       Portal Projectile |       |       |     6 |     2 ||     8
  Use: Potion            |       |       |     1 |     3 ||     4
  Eat: Chunk             |       |     5 |    20 |     4 ||    29
       Fruit             |       |       |     2 |       ||     2
Armor: Robe              |     4 |    35 |    32 |    12 ||    83
       Skin              |       |       |     2 |       ||     2
Dodge: Dodged            |    17 |    78 |   149 |    36 ||   280
       Rpst.: Scimitar   |       |       |     4 |       ||     4
